[Event "*** Titled Tuesday Blitz"]
[Site "Chess.com"]
[Date "2021.04.06"]
[Round "4"]
[White "noblerone"]
[Black "UCantHandleDenker"]
[Result "0-1"]
[WhiteElo "2391"]
[BlackElo "2599"]
[TimeControl "180+1"]
[EndTime "10:39:08 PDT"]
[Termination "UCantHandleDenker won by resignation"]

1. d4 d6 2. Nf3 Nf6 3. Bg5 Nbd7 4. Nbd2 e5 5. e4 Be7 6. c3 c6 7. Be2 Qc7 8. O-O O-O 9. Re1 h6 10. Bh4 Re8 11. Rc1 b6 12. h3 Bb7 13. Bg3 Bf8 14. Bf1 a6 15. dxe5 dxe5 16. Nc4 b5 17. Ncd2 Rad8 18. Qc2 Nh5 19. Bh2 Nf4 20. a3 a5 21. c4 b4 22. axb4 Bxb4 23. Red1 Nc5 24.
Nb3 Nce6 25. Rxd8 Rxd8 26. Rd1 Rxd1 27. Qxd1 a4 28. Nc1 Nc5 29. Bxf4 exf4 30. e5 Ne6 31. Nd3 Be7 32. Qd2 g5 33. Nh2 Kg7 34. Be2 Qb6 35. Ne1 Bb4 36. Qd1 Bxe1 37. Qxe1 Qxb2 38. Bd3 c5 39. Ng4 a3 40. Nf6 a2 41. Nh5+ Kf8 0-1

[Event "*** Titled Tuesday Blitz"]
[Site "Chess.com"]
[Date "2021.04.06"]
[Round "4"]
[White "mbachez"]
[Black "DenLaz"]
[Result "0-1"]
[WhiteElo "2481"]
[BlackElo "2826"]
[TimeControl "180+1"]
[EndTime "10:39:09 PDT"]
[Termination "DenLaz won on time"]

1. e4 e5 2. Nf3 Nc6 3. Bb5 a6 4. Ba4 Nf6 5. O-O Be7 6. d3 b5 7. Bb3 d6 8. a3 O-O 9. Nc3 Na5 10.
Ba2 Be6 11. Nd5 c6 12. Nxe7+ Qxe7 13. b4 Bxa2 14. Rxa2 Nb7 15. Bg5 Qe6 16. Qa1 Nd7 17. a4 Nb6 18. a5 Nd7 19. Re1 f6 20. Bd2 d5 21. Ra3 Rfd8 22. Be3 Nd6 23. Qa2 Qf7 24. Bb6 Rdc8 25. exd5 cxd5 26. Ra1 d4 27. Qb2 Rc6 28. Nd2 Rac8 29. R3a2 Qd5 30. Nb3 Nb7 31. Nd2 Nf8 32.
Ne4 Ne6 33. f3 Nd6 34. Nc5 Nxc5 35. bxc5 Nb7 36. c4 dxc3 37. Qxc3 Nxc5 0-1

[Event "*** Titled Tuesday Blitz"]
[Site "Chess.com"]
[Date "2021.04.06"]
[Round "4"]
[White "PchelkinVK"]
[Black "fyall777"]
[Result "0-1"]
[WhiteElo "2586"]
[BlackElo "2449"]
[TimeControl "180+1"]
[EndTime "10:39:11 PDT"]
[Termination "fyall777 won by resignation"]

1. d4 d6 2. Nc3 e5 3. Nf3 exd4 4. Nxd4 Nf6 5. e4 Be7 6. Bf4 O-O 7. Qd2 c6 8. O-O-O d5 9. e5 Ne8 10. Nf3 Nc7 11. h4 Bg4 12. Be2 Ne6 13. Bg3 Qa5 14. Kb1 Nd7 15. Ng5 Bxe2 16. Qxe2 h6 17. Nxe6 fxe6 18.
Qg4 Rf5 19. Rhe1 Bb4 20. Re3 Bxc3 21. Rxc3 Nxe5 22. Bxe5 Rxe5 23. Re3 Rxe3 24. fxe3 Re8 25. e4 Qc7 26. Rf1 Qe5 27. a3 Qxe4 28. Qxe4 dxe4 29.
Rf4 e5 30. Rxe4 Kf7 31. Kc1 Kf6 32. Kd2 Rd8+ 33. Ke3 Rd1 34. Rb4 b5 35. a4 a5 36.
Rg4 b4 37. h5 Re1+ 38. Kd2 Rg1 39. Rg6+ Kf7 40. Rxc6 Rxg2+ 41. Kd3 Rg5 42. Rc5 e4+ 43.
Kc4 Rxc5+ 44. Kxc5 0-1

[Event "*** Titled Tuesday Blitz"]
[Site "Chess.com"]
[Date "2021.04.06"]
[Round "4"]
[White "TooOldTooSlow70"]
[Black "GMJustin"]
[Result "1-0"]
[WhiteElo "2482"]
[BlackElo "2290"]
[TimeControl "180+1"]
[EndTime "10:39:16 PDT"]
[Termination "TooOldTooSlow70 won on time"]

1. Nf3 d5 2. d4 Nf6 3. c4 e6 4.
Nc3 dxc4 5. e4 b5 6. e5 Nd5 7. Nxb5 Nb6 8. Be2 Qd7 9. Nc3 Nc6 10. O-O Be7 11. Be3 O-O 12. h4 Nb4 13. h5 Bb7 14. h6 g6 15. Qc1 Nd3 16. Qd2 Nd5 17. Bxd3 cxd3 18. Qxd3 Nxc3 19. bxc3 Bxf3 20. gxf3 c5 21. Rab1 f6 22. Qe4 fxe5 23. Rb7 Qe8 24. Qxe5 Bf6 25. Qxc5 Rf7 26. Rfb1 Rd8 27. Qxa7 1-0

[Event "*** Titled Tuesday Blitz"]
[Site "Chess.com"]
[Date "2021.04.06"]
[Round "4"]
[White "enriquetejedor"]
[Black "gxbg2000"]
[Result "1-0"]
[WhiteElo "2585"]
[BlackElo "2003"]
[TimeControl "180+1"]
[EndTime "10:39:16 PDT"]
[Termination "enriquetejedor won by resignation"]

1. e4 e5 2. Nf3 Nc6 3. d4 exd4 4. Bc4 Be7 5. c3 d6 6. cxd4 Nf6 7. Nc3 O-O 8. O-O Bg4 9. Be3 a6 10. h3 Bh5 11.
Re1 Bg6 12. Bd3 Re8 13. Qb3 b5 14. Bf4 h6 15. Rad1 Qc8 16. e5 dxe5 17. Bxg6 exf4 18.
Bxf7+ Kh8 19. Bxe8 Qxe8 20. Qe6 Bd6 21. Qxe8+ Rxe8 22. Rxe8+ Nxe8 23. Ne4 Bb4 24. Rc1 Ne7 25. a3 Ba5 26. Nc5 Nd5 27. Nxa6 Nd6 28. Rc5 Nf6 29. Nxc7 Nfe4 30. Rc2 b4 31. axb4 Bxb4 32. Nd5 Ba5 33.
Nxf4 Kh7 34. g3 g5 35. Nd3 Kg6 36. b4 Bd8 37. Nfe5+ Kf5 38. Nc6 Bf6 39. g4+ Ke6 40. Nc5+ Kd5 41. Ne5 Kxd4 42. Nxe4 Nxe4 43. Nf7 Kd3 44.
Rc6 Bd4 45. b5 Nxf2 46. Kg2 Ne4 47. b6 Nf6 48. Rxf6 Bxf6 49. b7 1-0

[Event "*** Titled Tuesday Blitz"]
[Site "Chess.com"]
[Date "2021.04.06"]
[Round "4"]
[White "sewin16"]
[Black "Chernobay_Artem"]
[Result "1-0"]
[WhiteElo "2519"]
[BlackElo "2600"]
[TimeControl "180+1"]
[EndTime "10:39:17 PDT"]
[Termination "sewin16 won by resignation"]

1. e4 e6 2. d4 d5 3. Nc3 Nf6 4. Bg5 dxe4 5. Nxe4 Be7 6. Bxf6 gxf6 7. Nf3 a6 8. g3 Nc6 9. Bg2 e5 10. dxe5 Qxd1+ 11. Rxd1 fxe5 12. O-O O-O 13. Rfe1 f5 14. Nc3 e4 15. Nd4 Nxd4 16. Rxd4 Bf6 17. Rdd1 c6 18.
f3 exf3 19. Bxf3 f4 20. Kg2 fxg3 21. hxg3 Bf5 22. Ne4 Bg7 23. c3 Bg6 24. Nc5 Rab8 25. Nd7 Rxf3 26. Kxf3 Rd8 27. Nc5 Rf8+ 28. Kg2 Bh5 29. Rd7 Bf3+ 30. Kh2 b6 31. Rxg7+ 1-0

[Event "*** Titled Tuesday Blitz"]
[Site "Chess.com"]
[Date "2021.04.06"]
[Round "4"]
[White "GMRafpig"]
[Black "atwalcb"]
[Result "1-0"]
[WhiteElo "2613"]
[BlackElo "2477"]
[TimeControl "180+1"]
[EndTime "10:39:17 PDT"]
[Termination "GMRafpig won by resignation"]

1. c4 e5 2. Nc3 Nc6 3. g3 g6 4. Bg2 Bg7 5. Nf3 Nge7 6. d3 O-O 7. O-O d6 8. Rb1 a5 9. a3 Be6 10. Ng5 Bf5 11. b4 axb4 12. axb4 h6 13. Nf3 Qd7 14. b5 Nd8 15. Bb2 Bh3 16. Bxh3 Qxh3 17. Nd5 Nxd5 18. cxd5 f5 19. Qc2 Rf7 20. Ra1 Rxa1 21. Rxa1 e4 22. Nd4 exd3 23. Qxd3 Rf8 24. Ra8 Qg4 25. Qe3 f4 26. Qe4 Qd7 27. Qxg6 fxg3 28. hxg3 Kh8 29. Ne6 Nxe6 30. dxe6 Rxa8 31. exd7 Bxb2 32. Qe8+ 1-0

[Event "*** Titled Tuesday Blitz"]
[Site "Chess.com"]
[Date "2021.04.06"]
[Round "4"]
[White "korbul"]
[Black "DFeco"]
[Result "1-0"]
[WhiteElo "2559"]
[BlackElo "2332"]
[TimeControl "180+1"]
[EndTime "10:39:17 PDT"]
[Termination "korbul won by resignation"]

1. e4 e5 2. Nf3 Nc6 3. Bc4 Nf6 4. d3 Be7 5. O-O O-O 6. Re1 d6 7. c3 h6 8. Nbd2 Re8 9. Bb3 Bf8 10. Nf1 Be6 11. Ba4 Bd7 12. h3 a6 13. Ng3 b5 14. Bc2 g6 15. a3 Bg7 16. d4 exd4 17. cxd4 Rc8 18. b4 Ne7 19. Bb2 c5 20. e5 dxe5 21. dxc5 Nc6 22. Nxe5 Nxe5 23. Rxe5 Be6 24. Re1 Nd5 25. Bxg7 Kxg7 26. Qd4+ Qf6 27. Qxf6+ Nxf6 28. Rad1 Nd5 29. Ne4 Rc6 30. Nd6 Rd8 31. Be4 Rdxd6 32.
cxd6 Rxd6 33. Rd4 Rd7 34. Red1 Nf6 35. Rxd7 Nxd7 36. Bb7 Nb8 37. Rd8 Nd7 38. Bxa6 Ne5 39. Bxb5 Kf6 40. a4 Ke7 41. Rd1 Nc4 42. Bxc4 Bxc4 43.
b5 Bb3 44. Rd4 Ke6 45. a5 Bd5 46. Rxd5 Kxd5 47. a6 1-0

[Event "*** Titled Tuesday Blitz"]
[Site "Chess.com"]
[Date "2021.04.06"]
[Round "4"]
[White "Love_craft"]
[Black "Ceejay271"]
[Result "1-0"]
[WhiteElo "2586"]
[BlackElo "2342"]
[TimeControl "180+1"]
[EndTime "10:39:18 PDT"]
[Termination "Love_craft won by resignation"]

1. Nf3 d5 2. g3 c6 3. Bg2 Bg4 4. O-O Nd7 5. h3 Bh5 6. b3 e5 7. d3 Ngf6 8. Bb2 Bd6 9. Nbd2 O-O 10. e4 Re8 11. Qe1 Qc7 12. Nh4 dxe4 13. dxe4 a5 14. a4 Rad8 15. Nf5 Bf8 16. Nc4 b6 17. Kh1 Nc5 18. g4 Bg6 19. Bf3 Nfd7 20. h4 f6 21. Rg1 Ne6 22. g5 fxg5 23. hxg5 Nf4 24. Rd1 Bxf5 25. exf5 e4 26. Bg4 b5 27. Ne3 Ne5 28. f6 Nf3 29. Bxf3 exf3 30. Rxd8 Qxd8 31. Qd1 Qc8 32. Qxf3 Bd6 33. Rg4 Ng6 34. f7+ 1-0

[Event "*** Titled Tuesday Blitz"]
[Site "Chess.com"]
[Date "2021.04.06"]
[Round "4"]
[White "Jumbo"]
[Black "Gerodot71"]
[Result "1-0"]
[WhiteElo "2827"]
[BlackElo "2555"]
[TimeControl "180+1"]
[EndTime "10:39:20 PDT"]
[Termination "Jumbo won by resignation"]

1. d4 Nf6 2. Bf4 d5 3. e3 c5 4. c3 Nc6 5. Nf3 Qb6 6. Qb3 c4 7. Qc2 Bf5 8. Qxf5 Qxb2 9. Be2 e6 10. Qh3 Qxa1 11. O-O Qxa2 12. Nbd2 Be7 13. e4 Nxe4 14.
Bxc4 dxc4 15. Nxe4 O-O 16. Nfg5 Bxg5 17. Nxg5 h6 18. Ne4 Qc2 19. Re1 f5 20. Nc5 e5 21.
Bxh6 gxh6 22. Qxh6 f4 23. Ne4 Rf7 24. d5 Ne7 25. d6 Nf5 26. Qg6+ Kf8 27. Ng5 1-0

[Event "*** Titled Tuesday Blitz"]
[Site "Chess.com"]
[Date "2021.04.06"]
[Round "4"]
[White "dretch"]
[Black "Rakesh"]
[Result "1-0"]
[WhiteElo "2820"]
[BlackElo "2500"]
[TimeControl "180+1"]
[EndTime "10:39:21 PDT"]
[Termination "dretch won by resignation"]

1. d4 Nf6 2. c4 e5 3. dxe5 Ng4 4. Bf4 g5 5. Bd2 Nc6 6. Nf3 Ngxe5 7. Nxg5 Bg7 8. e4 Qe7 9. Nc3 d6 10. Nd5 Qd8 11. Be2 O-O 12. O-O Ng6 13. b3 Be6 14.
Rc1 h6 15. Nf3 f5 16. exf5 Bxf5 17. Bc3 Qd7 18. Ne3 Nf4 19. Nxf5 Rxf5 20. Bd3 Nxd3 21. Qxd3 Raf8 22. Rfe1 Bxc3 23. Rxc3 Rxf3 24. gxf3 Ne5 25.
Qd5+ Kh8 26. f4 Qg7+ 27. Rg3 Ng4 28. h3 Qc3 29. Rxc3 1-0

[Event "*** Titled Tuesday Blitz"]
[Site "Chess.com"]
[Date "2021.04.06"]
[Round "4"]
[White "c_r_e_e_p_e_r"]
[Black "annacramling"]
[Result "1-0"]
[WhiteElo "2374"]
[BlackElo "2073"]
[TimeControl "180+1"]
[EndTime "10:39:21 PDT"]
[Termination "c_r_e_e_p_e_r won on time"]

1. e4 c6 2. Nc3 d5 3. Nf3 Bg4 4. h3 Bh5 5. g4 Bg6 6. exd5 cxd5 7. Bb5+ Nc6 8. d4 e6 9. Ne5 Qc7 10. h4 f6 11. Nxg6 hxg6 12. Qd3 g5 13. Bd2 Bd6 14.
O-O-O gxh4 15. Rde1 O-O-O 16. Bxc6 Qxc6 17. Rxe6 Qd7 18. Rhe1 Ne7 19. Nb5 h3 20. Nxd6+ Qxd6 21. Rxd6 Rxd6 22.
Bb4 Rd7 23. Bxe7 h2 24. Qc3+ Kb8 25. Qg3+ Ka8 26. Rh1 Rxe7 27. Rxh2 Rhe8 28. f3 a6 29. Kd2 Ka7 30. c3 b5 31. Qf4 Kb7 32. Kd3 Kc6 33.
Qd2 Re6 34. Rh7 R8e7 35. f4 1-0

[Event "*** Titled Tuesday Blitz"]
[Site "Chess.com"]
[Date "2021.04.06"]
[Round "4"]
[White "Volodar_Murzin"]
[Black "andrewtnb"]
[Result "1-0"]
[WhiteElo "2746"]
[BlackElo "2353"]
[TimeControl "180+1"]
[EndTime "10:39:22 PDT"]
[Termination "Volodar_Murzin won on time"]

1. e4 c5 2. Nf3 Nc6 3. Bb5 g6 4. Bxc6 bxc6 5. O-O Bg7 6. c3 Ba6 7. Re1 Bd3 8. Na3 c4 9. Qa4 Nf6 10. e5 Nd5 11. Nxc4 O-O 12. Na3 c5 13. Qh4 h6 14.
Qg3 Rb8 15. b3 a5 16. Nc4 a4 17. Nb2 Bc2 18. Nxa4 Qc7 19. Nb2 Ra8 20. Na4 c4 21. Nd4 cxb3 22. axb3 Bd3 23. Qxd3 1-0

[Event "*** Titled Tuesday Blitz"]
[Site "Chess.com"]
[Date "2021.04.06"]
[Round "4"]
[White "DonPreuss"]
[Black "Mikhal867"]
[Result "0-1"]
[WhiteElo "2255"]
[BlackElo "2454"]
[TimeControl "180+1"]
[EndTime "10:39:22 PDT"]
[Termination "Mikhal867 won on time"]

1. d4 g6 2. Nc3 Bg7 3. e4 d6 4. f4 a6 5. Nf3 Nd7 6. Bc4 e6 7. O-O b5 8. Bb3 c5 9. a3 Bb7 10. e5 cxd4 11. Nxd4 dxe5 12. Bxe6 fxe6 13. fxe5 Nxe5 14. Kh1 Qb6 15. Be3 Nc4 16. Bg1 O-O-O 17. Nce2 e5 18. c3 exd4 19. Nxd4 Nh6 20. a4 Nxb2 21. Qb3 Bxd4 22. Bxd4 Rxd4 23. cxd4 Nc4 24. axb5 axb5 25. Rfc1 Qc6 26. Ra2 Ng4 27. Qh3 h5 28.
Rac2 Rf8 29. Qg3 Nge3 30. Re2 Nxg2 31. Rxg2 Qxg2+ 32. Qxg2 Bxg2+ 33. Kxg2 Rf4 34. d5 Kd7 35. Ra1 Rg4+ 36. Kh3 Nd2 37. Ra7+ Kd6 38. Ra6+ Kc5 39. Rc6+ Kb4 40. d6 Nf3 0-1

[Event "*** Titled Tuesday Blitz"]
[Site "Chess.com"]
[Date "2021.04.06"]
[Round "4"]
[White "PSvidler"]
[Black "fearless_guy"]
[Result "1-0"]
[WhiteElo "2969"]
[BlackElo "2785"]
[TimeControl "180+1"]
[EndTime "10:39:23 PDT"]
[Termination "PSvidler won by resignation"]

1. e4 e6 2. Qe2 Be7 3. d3 d5 4. g3 Nf6 5. Nf3 c5 6. Bg2 Nc6 7. O-O O-O 8. e5 Nd7 9. c4 a6 10. Nc3 Nd4 11. Nxd4 cxd4 12. Nxd5 exd5 13. cxd5 Re8 14. f4 Bc5 15. Bd2 Nf8 16. Rac1 Bb6 17.
Qf3 Bf5 18. g4 Bd7 19. Qg3 Ng6 20. e6 fxe6 21. dxe6 Rxe6 22. Bd5 Ne7 23. Bxe6+ Bxe6 24. f5 Bf7 25. f6 Nd5 26. fxg7 Ne3 27. Rf2 Qd5 28.
Qf4 Kxg7 29. Qf6+ Kg8 30. Qxb6 Re8 31. Rc7 Qg5 32. Qxd4 1-0

[Event "*** Titled Tuesday Blitz"]
[Site "Chess.com"]
[Date "2021.04.06"]
[Round "4"]
[White "mikolka1985"]
[Black "eduardoperalta"]
[Result "1-0"]
[WhiteElo "2662"]
[BlackElo "2496"]
[TimeControl "180+1"]
[EndTime "10:39:23 PDT"]
[Termination "mikolka1985 won on time"]

1. d4 Nf6 2. c4 g6 3. Nc3 c5 4.
d5 d6 5. e4 Bg7 6. h3 O-O 7. Nf3 e6 8. Bd3 exd5 9. exd5 Re8+ 10. Be3 Rxe3+ 11. fxe3 Qe7 12. O-O a6 13. a4 Nbd7 14.
Qd2 Nh5 15. g4 Ng3 16. Rf2 Ne5 17. Nxe5 Bxe5 18. Kg2 h5 19. Rf3 Qh4 20. Qf2 hxg4 21. Rxg3 gxh3+ 22. Kh2 Bd7 23. Ne2 g5 24. Rf1 Rf8 25.
Bf5 Bxa4 26. Nf4 Qh6 27. Rfg1 f6 28. Rxh3 Qg7 29. Be6+ Rf7 30. Kh1 Bd7 31. Nh5 Qg6 32. Ng3 Bxe6 33. dxe6 Re7 34. Nf5 Rxe6 35. Rh6 Qe8 36.
Qf3 Qc6 37. e4 Re8 38. Ne3 1-0

[Event "*** Titled Tuesday Blitz"]
[Site "Chess.com"]
[Date "2021.04.06"]
[Round "4"]
[White "A-Fier"]
[Black "BrandonJacobson"]
[Result "1-0"]
[WhiteElo "2725"]
[BlackElo "2875"]
[TimeControl "180+1"]
[EndTime "10:39:26 PDT"]
[Termination "A-Fier won by resignation"]

1. d4 d5 2. c4 e6 3. Nc3 h6 4. e4 dxe4 5. Nxe4 Bb4+ 6. Nc3 c5 7. Nf3 Nf6 8. a3 Bxc3+ 9. bxc3 O-O 10. Be2 b6 11. O-O Bb7 12. a4 cxd4 13. cxd4 Nc6 14. Bb2 Rc8 15. Rc1 Na5 16. Ne5 Nd7 17. Nf3 Qe7 18. Qd3 Rfd8 19. Ba3 Qf6 20. Qe3 Ba6 21. c5 Bxe2 22. Qxe2 bxc5 23. Bxc5 Nb3 24. Rc4 Ndxc5 25.
dxc5 Rxc5 26. Rxc5 Nxc5 27. Qb5 Qc3 28. h3 Ne4 29.
Qb7 Nc5 30. Qxa7 Nd3 31. Qb6 Ra8 32. Qb5 Nc5 33. Qc6 Rf8 34. Rd1 Qc2 35. Rd4 Qb1+ 36. Kh2 Nb3 37. Rb4 Qa2 38. Qc4 Nc1 39. Qxc1 Qxf2 40.
Qb2 Qa7 41. Qd4 Qc7+ 42. Qe5 Qe7 43. Rb8 Rxb8 44. Qxb8+ Kh7 45. a5 Qa3 46. Qb6 Qa4 47. a6 Qf4+ 48. Kh1 Qc1+ 49. Ng1 1-0

[Event "*** Titled Tuesday Blitz"]
[Site "Chess.com"]
[Date "2021.04.06"]
[Round "4"]
[White "Margency"]
[Black "ChessAurochs"]
[Result "1-0"]
[WhiteElo "2720"]
[BlackElo "2520"]
[TimeControl "180+1"]
[EndTime "10:39:26 PDT"]
[Termination "Margency won by resignation"]

1. e4 e5 2. Nf3 Nc6 3. Bc4 Nf6 4.
d3 h6 5. O-O d6 6. a4 g5 7. c3 Bg7 8. Na3 O-O 9. Nc2 d5 10.
exd5 Nxd5 11. a5 a6 12. Re1 Be6 13. Ba2 Qd7 14. d4 exd4 15. Ncxd4 Nxd4 16. Nxd4 Bg4 17. Qd3 Rad8 18. h3 Bh5 19. Bd2 Bg6 20. Qf3 c6 21.
Rad1 Qc7 22. Nf5 Qxa5 23. Bb1 Qc7 24. c4 Nf4 25. Nxg7 Kxg7 26. Bc3+ f6 27. Bxg6 Nxg6 28. Rxd8 Qxd8 29. Re6 Ne5 30. Qf5 Qd3 31. Rxe5 Qxf5 32. Rxf5 Kg6 33. g4 h5 34. c5 hxg4 35. hxg4 1-0

[Event "*** Titled Tuesday Blitz"]
[Site "Chess.com"]
[Date "2021.04.06"]
[Round "4"]
[White "bratkoo"]
[Black "gmgamil"]
[Result "0-1"]
[WhiteElo "2551"]
[BlackElo "2810"]
[TimeControl "180+1"]
[EndTime "10:39:28 PDT"]
[Termination "gmgamil won by resignation"]

1. e4 e5 2. Nf3 d6 3. Bc4 Qe7 4.
O-O h6 5. d4 Nf6 6. Nc3 c6 7.
Re1 Bg4 8. a4 a5 9. b3 Qc7 10.
h3 Bh5 11. g4 Bg6 12. Nh4 Bh7 13. f4 Nbd7 14. dxe5 dxe5 15. g5 Ng8 16. f5 hxg5 17. Bxg5 Ngf6 18. Nf3 Bg8 19. Kg2 O-O-O 20. Qe2 Bb4 21. Qe3 Re8 22. Red1 Nh5 23. Ne2 f6 24. Bh4 Bxc4 25. bxc4 Bc5 26. Qd3 g6 27. Bf2 Bxf2 28.
Kxf2 gxf5 29. exf5 e4 30. Qxd7+ Qxd7 31. Rxd7 Kxd7 32. Nfd4 Kd6 33. Rb1 Rh7 34. Ne6 Ke5 35.
N2d4 Rxe6 36. Nxe6 Kxf5 37. Nc5 Nf4 38. Nxb7 Rxh3 39.
Nxa5 e3+ 40. Kg1 Rg3+ 41. Kf1 Kg4 42. Nxc6 Rh3 43. Kg1 Ne2+ 44. Kg2 Rg3+ 45. Kf1 Kf3 46. Nd4+ Nxd4 47. Rb3 Nxb3 48. cxb3 e2+ 49. Ke1 Rg1+ 50. Kd2 e1=Q+ 0-1

[Event "*** Titled Tuesday Blitz"]
[Site "Chess.com"]
[Date "2021.04.06"]
[Round "4"]
[White "Nf3c5"]
[Black "MaxLeto"]
[Result "1-0"]
[WhiteElo "2532"]
[BlackElo "2364"]
[TimeControl "180+1"]
[EndTime "10:39:28 PDT"]
[Termination "Nf3c5 won by resignation"]

1. e4 h5 2. d4 h4 3. Nc3 c6 4. h3 d5 5. Nf3 dxe4 6. Nxe4 Bf5 7. Bd3 e6 8. O-O Be7 9. Re1 Nd7 10. Bf4 Nb6 11. c4 Kf8 12. Qc2 Nf6 13. Neg5 Bxd3 14. Qxd3 Nh5 15. Bd2 Kg8 16. Rad1 Nd7 17. Bc1 Nf8 18.
a3 Bf6 19. Ne4 Be7 20. Ne5 Nd7 21. Nf3 Nf8 22. Qb3 b6 23. d5 cxd5 24. cxd5 exd5 25. Rxd5 Qc7 26. Red1 Nf4 27. Rf5 N4e6 28. Be3 Rd8 29. Rc1 Qd7 30. Rxf7 Qd5 31. Qxd5 Rxd5 32. Rxe7 1-0

[Event "*** Titled Tuesday Blitz"]
[Site "Chess.com"]
[Date "2021.04.06"]
[Round "4"]
[White "2nd_life"]
[Black "secretsuperstar7"]
[Result "1-0"]
[WhiteElo "2415"]
[BlackElo "2198"]
[TimeControl "180+1"]
[EndTime "10:39:28 PDT"]
[Termination "2nd_life won on time"]

1. e4 c5 2. Nf3 d6 3. d4 cxd4 4. Nxd4 Nf6 5. Nc3 Nc6 6. f3 e5 7. Nb3 a5 8. Bb5 Be6 9. Bg5 Be7 10. Bxf6 Bxf6 11. Nd5 Bh4+ 12. g3 Bg5 13. h4 Be7 14.
a4 O-O 15. Qd2 f5 16. O-O-O Rc8 17. Kb1 Kh8 18. Bxc6 Rxc6 19. Qxa5 Qe8 20. Qb4 Ra6 21. a5 Bxd5 22. Rxd5 fxe4 23. fxe4 Rf3 24. Qxb7 Ra8 25.
a6 Rb8 26. Qc7 Rc8 27. Qb6 Qc6 28. Qxc6 Rxc6 29. a7 Ra6 30. Ra5 Rxa5 31. Nxa5 Rf8 32. Nc6 Bf6 33. Nb8 1-0

[Event "*** Titled Tuesday Blitz"]
[Site "Chess.com"]
[Date "2021.04.06"]
[Round "4"]
[White "LenkaPtacnikova"]
[Black "zmeeed67"]
[Result "0-1"]
[WhiteElo "2192"]
[BlackElo "2413"]
[TimeControl "180+1"]
[EndTime "10:39:28 PDT"]
[Termination "zmeeed67 won by resignation"]

1. c4 e6 2. g3 d5 3. Bg2 Nf6 4. Nf3 Be7 5. O-O O-O 6. b3 d4 7. e3 c5 8. exd4 cxd4 9. Bb2 Nc6 10. Re1 Bc5 11. d3 Nd7 12. a3 a5 13. Nbd2 e5 14. Ne4 Be7 15. Rc1 Qc7 16. Rc2 b6 17. Rce2 Bb7 18. Bh3 Rae8 19. Bg2 h6 20. g4 Nd8 21. h3 Ne6 22. Bc1 f6 23. Nh4 Ng5 24. Nxg5 hxg5 25. Ng6 Rf7 26. Nxe7+ Rfxe7 27. Bxb7 Qxb7 28. b4 axb4 29. axb4 Nf8 30. Kh2 Ng6 31. Kg3 Nf4 32. Re4 g6 33. Bxf4 gxf4+ 34. Kh2 Kf7 35. Qd2 f5 36.
gxf5 gxf5 37. R4e2 Qf3 38. Rg1 Rh8 0-1

[Event "*** Titled Tuesday Blitz"]
[Site "Chess.com"]
[Date "2021.04.06"]
[Round "4"]
[White "googlegoom"]
[Black "campomania3"]
[Result "1-0"]
[WhiteElo "2438"]
[BlackElo "2236"]
[TimeControl "180+1"]
[EndTime "10:39:29 PDT"]
[Termination "googlegoom won on time"]

1. Nf3 d5 2. b3 Nf6 3. Bb2 Bf5 4. e3 e6 5. Be2 h6 6. O-O Be7 7. d4 O-O 8. Nbd2 c5 9. c4 Nc6 10. a3 a6 11. dxc5 Bxc5 12. b4 Ba7 13. c5 Bb8 14. Qb3 Re8 15. Rfd1 Qc7 16. Rac1 Ne4 17. Nf1 g5 18. a4 a5 19. b5 Nb4 20. c6 bxc6 21.
bxc6 Ba7 22. Ng3 Bg6 23. Nxe4 Bxe4 24. Qc3 e5 25. Nxe5 Na2 26. Qb3 Nxc1 27. Rxc1 Rxe5 28. Bxe5 Qxe5 29. Qb7 Qb8 30. Qe7 Qe8 31. Qf6 Kh7 32. Bh5 Bg6 33. Bf3 Rd8 34. c7 Rc8 35. Bxd5 Bxe3 36.
Re1 Bxf2+ 37. Qxf2 1-0

[Event "*** Titled Tuesday Blitz"]
[Site "Chess.com"]
[Date "2021.04.06"]
[Round "4"]
[White "GM_LOADING"]
[Black "nrvisakh"]
[Result "0-1"]
[WhiteElo "2537"]
[BlackElo "2779"]
[TimeControl "180+1"]
[EndTime "10:39:30 PDT"]
[Termination "nrvisakh won by resignation"]

1. d4 Nf6 2. Nf3 g6 3. Bg5 Bg7 4. Nbd2 d5 5. e3 O-O 6. Bd3 c5 7. c3 b6 8. O-O Ba6 9. Bxa6 Nxa6 10. Ne5 Nb8 11. f4 Nfd7 12. Bh4 f6 13. Nd3 Nc6 14.
Nf3 Qc7 15. Rc1 e6 16. Re1 Qd6 17.
Bg3 f5 18. Nde5 Nf6 19. c4 Ne4 20. Qa4 Rfc8 21. Red1 cxd4 22. cxd5 Nxe5 23. fxe5 Qxd5 24. exd4 g5 25. Qb3 Qxb3 26. axb3 g4 27. Ne1 Bh6 28. Rc4 Be3+ 29. Kf1 Nd2+ 30. Ke2 Nxc4 31. bxc4 f4 32. Bh4 Rxc4 0-1

[Event "*** Titled Tuesday Blitz"]
[Site "Chess.com"]
[Date "2021.04.06"]
[Round "4"]
[White "olksuna"]
[Black "Eloist"]
[Result "1-0"]
[WhiteElo "2667"]
[BlackElo "2350"]
[TimeControl "180+1"]
[EndTime "10:39:30 PDT"]
[Termination "olksuna won by resignation"]

1. e4 e6 2. d4 d5 3. Nc3 Nf6 4. e5 Nfd7 5. f4 c5 6. Nf3 Nc6 7. Be3 a6 8. Qd2 b5 9. Be2 Qb6 10. Nd1 b4 11. dxc5 Bxc5 12. O-O a5 13. Kh1 Ba6 14. Bxa6 Qxa6 15. Nf2 O-O 16. Nd3 Bxe3 17. Qxe3 Qc4 18. Rf2 Qe4 19. Qd2 Rac8 20. Re1 Qf5 21. h3 h5 22. Nh4 Qh7 23. f5 Nd4 24. Qg5 Nxe5 25. Nxe5 f6 26. Qg3 fxe5 27. Qxe5 Rc4 28. b3 Nxc2 29. Qxe6+ Kh8 30. Ng6+ Qxg6 31. fxg6 Rxf2 32.
Qe8+ 1-0

[Event "*** Titled Tuesday Blitz"]
[Site "Chess.com"]
[Date "2021.04.06"]
[Round "4"]
[White "ChronicUnhappiness"]
[Black "colegiodemadrid"]
[Result "1-0"]
[WhiteElo "2323"]
[BlackElo "2487"]
[TimeControl "180+1"]
[EndTime "10:39:30 PDT"]
[Termination "ChronicUnhappiness won by resignation"]

1. c4 Nf6 2. Nf3 g6 3. Nc3 d6 4. e4 Bg7 5. d4 Bg4 6. Be2 O-O 7.
Be3 Nfd7 8. Ng1 Bxe2 9. Ngxe2 c5 10.
O-O cxd4 11. Nxd4 Nc6 12. Qd2 Qa5 13. Rfd1 Rfc8 14. b3 a6 15. Rac1 Nxd4 16. Bxd4 Bxd4 17. Qxd4 b5 18. Nd5 Qd8 19. h3 bxc4 20. Rxc4 Rxc4 21. Qxc4 Nb6 22. Qc6 Nxd5 23. exd5 a5 24. Rc1 Kg7 25.
Rc4 Rb8 26. h4 Rb4 27. g3 Rxc4 28. Qxc4 Qb6 29. a3 h5 30. b4 axb4 31. axb4 Kf6 32. b5 Kg7 33. Qc6 Qd4 34. b6 Qd1+ 35. Kg2 Qd3 36. b7 Qe4+ 37. Kg1 Qe1+ 38. Kg2 Qe4+ 39. Kf1 Qh1+ 40. Ke2 Qe4+ 41. Kd2 Qd4+ 42. Kc2 Qxf2+ 43. Kb3 Qxg3+ 44. Kb4 Qf4+ 45. Ka5 Qd2+ 46. Kb6 Qb4+ 47. Kc7 Qa5+ 48. Kc8 1-0

[Event "*** Titled Tuesday Blitz"]
[Site "Chess.com"]
[Date "2021.04.06"]
[Round "4"]
[White "FMchesstrainer"]
[Black "mr65"]
[Result "1-0"]
[WhiteElo "2404"]
[BlackElo "2130"]
[TimeControl "180+1"]
[EndTime "10:39:30 PDT"]
[Termination "FMchesstrainer won by resignation"]

1. d4 Nf6 2. Bg5 g6 3. Bxf6 exf6 4. g3 Bg7 5. Bg2 O-O 6. e3 f5 7.
Nd2 a5 8. Ne2 a4 9. c4 a3 10. b4 Nc6 11. Rb1 d6 12. O-O Ra7 13. b5 Ne7 14. Qc2 b6 15. c5 dxc5 16. dxc5 Bb7 17. c6 Bc8 18. Rfd1 Qe8 19. Nf4 Be6 20. Nb3 Ra8 21. Nd4 Bxd4 22. Rxd4 Rd8 23. Rbd1 Rxd4 24. Rxd4 Nc8 25. Qd2 Nd6 26. Rxd6 cxd6 27. Qxd6 Qd8 28. Qb4 Qd1+ 29. Bf1 Bxa2 30. Kg2 Rd8 31.
Qxa3 Bd5+ 32. Nxd5 Qxd5+ 33. Kh3 g5 34. Qe7 g4+ 35.
Kh4 Rd6 36. Bc4 Rh6+ 37. Kg5 Rg6+ 38. Kh5 Qxc4 39. Qe8+ Kg7 40. Qe5+ Rf6 41. c7 f4 42.
Kg5 Qc2 43. Qxf6+ Kg8 44. Qd8+ Kg7 45. c8=Q Qg6+ 46. Kxf4 1-0